Map: [ESL] Gresvan

Players

Serral

  • Race: Zerg Zerg
  • Spawn Location: 5:00

Solar - Winner!

  • Race: Zerg Zerg
  • Spawn Location: 11:00

Event: IEM Katowice 2023

VOD

Have the link to the VOD?

Description

Time

  • Played on: Feb. 10, 2023, 1:21 p.m.
  • Length: 9:28

All games in this series

Show
View Real Time Build Order
Export as new Build Order

Serral Zerg 

Build Orders: Hatch First 

Get SALT Encoding   

  12  0:00  Drone  
  13  0:12  Overlord  
  13  0:17  Drone  
  14  0:30  Drone x2  
  16  0:47  Hatchery  
  15  0:50  Drone  
  15  0:54  Drone  
  17  0:57  Drone  
  18  1:08  Extractor  
  17  1:13  Spawning Pool  
  17  1:16  Drone  
  17  1:19  Drone  
  18  1:27  Drone  
  19  1:38  Drone  
  20  1:49  Drone  
  21  1:59  Queen x2  
  21  2:00  Zergling x2  
  26  2:01  Overlord  
  26  2:10  Drone x2  
  26  2:14  Metabolic Boost  
  28  2:20  Zergling x2  
  28  2:22  Drone  
  30  2:32  Hatchery  
  30  2:35  Drone  
  30  2:38  Drone  
  30  2:42  Drone  
  32  2:48  Baneling Nest  
  32  2:49  Overlord  
  31  2:54  Drone  
  31  2:55  Drone  
  33  3:08  Drone x4  
  33  3:11  Zergling x6  
  40  3:15  Overlord  
  40  3:19  Zergling x2  
  41  3:21  Drone  
  41  3:26  Queen  
  44  3:36  Drone x2  
  44  3:37  Baneling  
  44  3:39  Drone  
  44  3:40  Evolution Chamber  
  46  3:41  Zergling x2  
  46  3:42  Drone x2  
  48  3:48  Drone x3  
  48  3:54  Lair  
  48  3:55  Drone  
  51  4:02  Extractor, Drone  
  51  4:05  Roach Warren  
  51  4:06  Drone x2  
  51  4:08  Drone  
  53  4:11  Overlord  
  53  4:14  Drone x2  
  53  4:16  Drone  
  56  4:18  Drone x2  
  56  4:23  Extractor  
  57  4:25  Overlord, Drone  
  57  4:31  Overlord  
  58  4:33  Drone x2  
  58  4:36  Drone x3  
  58  4:37  Drone  
  64  4:39  Drone  
  64  4:40  Drone  
  66  4:47  Drone x3  
  66  4:50  Overlord x2  
  69  4:56  Extractor x2  
  69  4:59  Roach x2  
  71  5:02  Overlord  
  71  5:04  Overlord  
  71  5:10  Roach x3  
  76  5:16  Roach x3  
  76  5:18  Baneling  
  82  5:27  Roach x6  
  93  5:31  Baneling  
  93  5:32  Baneling x2, Roach  
  93  5:33  Roach x2  
  99  5:36  Baneling x2  
  99  5:43  Roach x3  
  99  5:46  Roach x2  
  99  5:49  Roach x2  
  112  5:53  Roach  
  103  5:57  Roach x4  
  103  6:01  Roach x2  
  105  6:04  Roach  
  105  6:06  Roach  
  105  6:11  Roach  
  99  6:13  Roach x2  
  99  6:17  Zerg Missile Weapons Level 1  
  93  6:24  Roach x3  
  99  6:28  Zergling x4  
  99  6:31  Glial Reconstitution  
  101  6:33  Roach  
  101  6:37  Overlord  
  101  6:38  Overseer  
  103  6:41  Drone  
  103  6:44  Drone  
  103  6:45  Drone  
  100  6:54  Drone  
  100  6:55  Drone x2  
  100  6:58  Drone x2  
  100  6:59  Drone  
  104  7:01  Drone x3  
  104  7:03  Queen  
  109  7:11  Spire  
  109  7:14  Drone x3  
  109  7:15  Drone  
  112  7:18  Queen  
  112  7:21  Overlord  
  114  7:25  Overseer  
  114  7:27  Overlord  
  114  7:28  Overlord  
  114  7:33  Extractor  
  112  7:38  Drone x2  
  112  7:39  Drone x2  
  112  7:44  Roach x3  
  122  7:47  Roach x2  
  126  7:54  Overlord  
  126  7:55  Overlord  
  126  8:01  Roach x2  
  126  8:03  Overlord  
  130  8:08  Overlord x2  
  130  8:13  Roach x5  
  140  8:21  Roach x3  
  146  8:28  Ravager x3  
  146  8:29  Ravager  
  146  8:30  Overlord  
  146  8:32  Drone x3  
  146  8:33  Roach  
  146  8:34  Roach x3  
  161  8:40  Roach  
  161  8:44  Roach x5  
  161  8:47  Roach  
  148  8:53  Roach  
  124  8:56  Roach  
  124  8:59  Roach  
  124  9:00  Roach x5  
  124  9:01  Roach  
  122  9:05  Roach  
  122  9:08  Roach  
Show
View Real Time Build Order
Export as new Build Order

Solar Zerg - Winner!

Build Orders: Hatch First 

Get SALT Encoding   

  12  0:00  Drone  
  13  0:12  Overlord  
  13  0:17  Drone  
  14  0:32  Drone x2  
  16  0:48  Hatchery  
  15  0:51  Drone  
  15  0:54  Drone  
  17  0:57  Drone  
  18  1:10  Extractor  
  17  1:13  Spawning Pool  
  17  1:16  Drone  
  17  1:19  Drone  
  18  1:28  Drone  
  19  1:39  Drone  
  20  1:50  Drone  
  21  1:59  Queen  
  21  2:00  Queen  
  21  2:01  Zergling x2  
  26  2:03  Overlord  
  26  2:11  Metabolic Boost  
  26  2:12  Drone x2  
  28  2:22  Drone x2  
  30  2:33  Hatchery  
  30  2:35  Zergling x2  
  30  2:43  Queen  
  32  2:49  Baneling Nest  
  31  2:51  Drone  
  31  2:54  Overlord  
  31  2:56  Drone  
  33  3:01  Drone  
  33  3:02  Drone  
  35  3:07  Drone  
  36  3:13  Drone x2  
  36  3:14  Drone  
  36  3:15  Zergling x2  
  36  3:16  Zergling x2  
  36  3:18  Drone  
  42  3:23  Evolution Chamber  
  41  3:27  Overlord  
  41  3:30  Drone  
  41  3:31  Drone  
  43  3:36  Drone  
  43  3:38  Baneling  
  44  3:46  Drone x4  
  44  3:47  Drone x2  
  50  3:54  Extractor, Drone, Zerg Ground Armor Level 1  
  50  3:55  Drone  
  51  3:57  Drone  
  51  4:00  Overlord  
  52  4:06  Roach Warren  
  52  4:07  Drone  
  52  4:10  Drone  
  52  4:12  Drone  
  52  4:15  Overlord  
  53  4:17  Zergling x4  
  53  4:18  Drone  
  53  4:19  Drone  
  53  4:22  Overlord  
  57  4:30  Overlord  
  57  4:38  Overlord  
  57  4:42  Extractor  
  56  4:47  Extractor, Roach x3  
  56  4:48  Roach x5  
  56  4:49  Roach  
  73  4:55  Zergling x2  
  73  4:57  Roach x2  
  77  5:01  Roach  
  77  5:05  Roach  
  77  5:06  Zergling x2  
  77  5:07  Zergling x6  
  85  5:09  Overlord  
  85  5:10  Zergling x4  
  86  5:17  Zergling x6  
  89  5:21  Baneling x2  
  89  5:22  Zergling x2  
  89  5:23  Zergling x6  
  89  5:28  Zergling x4  
  95  5:31  Zergling x4  
  95  5:32  Zergling x2  
  98  5:36  Zergling x4  
  98  5:41  Baneling  
  99  5:45  Zergling x4  
  99  5:47  Ravager  
  98  5:54  Zergling x12  
  92  6:00  Lair  
  92  6:01  Zergling x8  
  92  6:02  Ravager  
  92  6:04  Zergling x2  
  92  6:07  Zergling x4  
  92  6:09  Zergling x2  
  79  6:18  Drone x4  
  79  6:19  Zerg Missile Weapons Level 1  
  79  6:22  Ravager x4  
  79  6:25  Drone x2  
  84  6:27  Drone  
  84  6:28  Drone  
  84  6:29  Drone  
  84  6:30  Drone  
  84  6:32  Drone  
  89  6:37  Overlord  
  89  6:39  Roach  
  93  6:40  Roach  
  93  6:42  Roach  
  93  6:45  Roach  
  93  6:46  Roach  
  94  6:48  Roach  
  94  6:49  Roach  
  94  6:51  Roach  
  100  6:54  Roach  
  100  6:58  Roach x2  
  101  7:01  Glial Reconstitution  
  101  7:04  Roach x2  
  105  7:08  Overlord  
  105  7:10  Roach  
  105  7:11  Roach  
  105  7:14  Roach x2  
  113  7:18  Overlord  
  113  7:20  Overlord  
  113  7:21  Overseer  
  113  7:22  Overlord  
  113  7:25  Overlord  
  113  7:29  Roach x2  
  117  7:35  Spire  
  117  7:36  Roach x2  
  120  7:39  Roach x2  
  120  7:44  Extractor x2, Roach  
  125  7:48  Roach x2  
  133  7:51  Roach x3  
  133  7:54  Roach  
  133  7:56  Roach x2  
  143  8:00  Overlord  
  143  8:01  Roach x2  
  143  8:02  Roach  
  143  8:05  Roach x2  
  152  8:11  Roach x2  
  155  8:20  Roach x4  
  155  8:24  Overlord  
  161  8:27  Overlord  
  161  8:29  Overlord  
  161  8:34  Overlord  
  158  8:41  Roach x3  
  158  8:44  Roach x2  
  158  8:46  Roach x2  
  146  8:50  Roach x2  
  146  8:53  Roach x4  
  143  8:58  Roach x2  
  131  9:06  Roach x2  
  139  9:26  Extractor  

Tags
 
Add a new tag
Caveats
  • Supply blocks, unpowered buildings, or Contaminate may cause inaccurate times.
  • Supply counts are checked every 10 seconds.